 Dungeon Crawl Stone Soup version 0.29-a0-993-g4a18f31a58 (webtiles) character file.

Game seed: 1538018428150851328

576 vurker the Insei (level 7, -4/36 HPs)
             Began as a Vine Stalker Enchanter on Aug 2, 2022.
             Slain by an ice beast (12 damage)
             ... on level 5 of the Dungeon.
             The game lasted 00:06:19 (4148 turns).

vurker the Insei (Vine Stalker Enchanter)           Turns: 4148, Time: 00:06:20

Health: -4/36      AC:  5    Str: 12    XL:     7   Next: 35%
Magic:  0/11       EV: 16    Int: 15    God:
Gold:   176        SH:  0    Dex: 18    Spells: 10/10 levels left

rFire   . . .      SeeInvis +   j - +8 dagger "Umneipac" {venom, Dex+3}
rCold   . . .      Faith    .   (no shield)
rNeg    . . .      Spirit   +   b - +0 robe
rPois   .          Reflect  .   k - +0 helmet
rElec   .          Harm     .   (no cloak)
rCorr   .          Rampage  .   g - +1 pair of gloves
Will    .....                   (no boots)
Stlth   +++.......              (no amulet)
HPRegen 0.92/turn               e - +4 ring of evasion
MPRegen 0.12/turn               a - ring of see invisible

@: no status effects
A: fangs 2, regeneration 1, magic shield, antimagic bite, no potion heal 2
a: no special abilities


You were on level 5 of the Dungeon.
You visited 1 branch of the dungeon, and saw 5 of its levels.

You collected 176 gold pieces.

Inventory:

Hand Weapons
 j - the +8 dagger "Umneipac" (weapon) {venom, Dex+3}
   (You found it on level 2 of the Dungeon)

   It poisons the flesh of those it strikes.
   Dex:       It affects your dexterity (+3).
Missiles
 v - 2 throwing nets (quivered)
Armour
 b - a +0 robe (worn)
 g - a +1 pair of gloves (worn)
   (You found it on level 1 of the Dungeon)
 k - a +0 helmet (worn)
   (You took it off Robin on level 3 of the Dungeon)
 s - a +0 kite shield
   (You found it on level 5 of the Dungeon)
 w - a +0 chain mail
   (You found it on level 5 of the Dungeon)
Jewellery
 a - a ring of see invisible (right hand)
   (You took it off a goblin on level 2 of the Dungeon)
 e - a +4 ring of evasion (left hand)
   (You found it on level 1 of the Dungeon)
Wands
 t - a wand of flame (7)
   (You took it off Robin on level 3 of the Dungeon)
 u - a wand of polymorph (7)
   (You found it on level 4 of the Dungeon)
 x - a wand of acid (1)
   (You took it off Ijyb on level 2 of the Dungeon)
Scrolls
 m - a scroll of immolation
 p - 3 scrolls of fog
 y - a scroll of identify
 z - 2 scrolls of teleportation
 A - a scroll of silence
Potions
 c - 2 potions of invisibility
 d - a potion of ambrosia {unknown}
 f - 2 potions of brilliance {unknown}
 h - 2 potions of haste {unknown}
 i - 2 potions of curing {unknown}
 l - a potion of attraction {unknown}
 n - a potion of resistance {unknown}
 o - a potion of might {unknown}
 q - a potion of lignification
 r - 2 potions of heal wounds {unknown}


   Skills:
 + Level 3.0 Fighting
 * Level 2.2 Short Blades
 + Level 1.2 Armour
 + Level 2.1 Dodging
 - Level 3.6 Stealth
 + Level 1.0 Shields
 * Level 5.2 Unarmed Combat
 - Level 2.1 Spellcasting
 - Level 3.0 Hexes


You had 10 spell levels left.
You didn't know any spells.
Your spell library contained the following spells:

 Spells                   Type           Power      Damage    Failure   Level
 Ensorcelled Hibernation  Hex/Ice        12%        N/A       19%         2
 Confusing Touch          Hex            10%        N/A       19%         3
 Tukima's Dance           Hex            10%        N/A       19%         3
 Blink                    Tloc           2%         N/A       32%         2
 Passwall                 Tmut/Erth      0%         N/A       32%         2
 Dazzling Flash           Conj/Hex       12%        N/A       34%         3
 Lesser Beckoning         Tloc           1%         N/A       54%         3
 Swiftness                Air            1%         N/A       54%         3
 Manifold Assault         Tloc           1%         N/A       99%         5
 Summon Forest            Summ/Tloc      0%         N/A       99%         5
 Eringya's Noxious Bog    Tmut/Pois      0%         N/A       100%        6
 Summon Hydra             Summ           0%         N/A       100%        7


Dungeon Overview and Level Annotations

Branches:
Dungeon (5/15)
 Temple: D:4-7

Altars:

Shops:
D:1 :

Annotations:
D:5 1 transporter


Innate Abilities, Weirdness & Mutations

You have extremely sharp teeth.
Your natural rate of healing is unusually fast.
When hurt, damage is shared between your health and your magic reserves.
Your bite disrupts and absorbs the magic of your enemies.
Potions cannot restore your health.


Message History

An orc is nearby!
An orc is nearby!
An orc is nearby!
The orc shouts!
You closely miss the orc. You punch the orc, but do no damage.
You bite the orc. You drain its power. The orc misses you.
You puncture the orc!
You kill the orc!
No target in view!
A - a scroll of silence
Found a book of Burglary.
Found a stone staircase leading up.
There is a stone staircase leading up here.
You pick up a book of Burglary and begin reading...
You add the spells Passwall and Swiftness to your library.
You open the door.
There is an open door here.
Found 7 stones.
You open the door.
An ogre comes into view. It is wielding a +0 giant spiked club.
An ogre is nearby!
An ogre is nearby!
There is an open door here.
The ogre shouts!
An ice beast comes into view.
You hit the ogre.
The ogre is poisoned.
You bite the ogre. You drain its power. You puncture the ogre!
The ogre looks as sick as possible!
You bite the ogre. You drain its power.
The ogre hits you with a +0 giant spiked club!!
The ice beast attacks as you move away!
The ice beast hits you but does no damage.
The ogre attacks as you move away!
The ogre hits you with a +0 giant spiked club!
* * * LOW HITPOINT WARNING * * *
There is an open door here.
Aim: an ogre, wielding a +0 giant spiked club (almost dead, extremely poisoned, 86% to hit)
The bolt of acid misses the ice beast.
The bolt of acid hits the ogre!
You kill the ogre!
The ice beast barely misses you.
Your Shields skill increases to level 1!
Aim: an ice beast (71% to hit)
Okay, then.
Aim: an ice beast (71% to hit)
Okay, then.
Aim: an ice beast (68% to hit)
The puff of flame hits the ice beast.
The ice beast melts!
The ice beast hits you.
* * * LOW HITPOINT WARNING * * *
The ice beast freezes you!
You die...

.# #. #.# .. ##.#
#.# ## +#...# #.#
##.
##.....######.#
...
............'.#
##
..........###.# #
# ....#....##.#.#
###.#
#..(....##..#.##
....#
+.......@Y).#..##
....#
#.......##..#...#
##..# ....#....
#.#.#.# ###.#
..##+##.. .#.#.#
....# . ##.#
#.#.# )...####+#
###+####.#.#
..........
..........#
###....#
.#...##.###
###....# #
#...##.#######


You could see an ice beast.

Vanquished Creatures
  An ogre (D:5)
  A centaur (D:5)
  A scorpion (D:5)
  An orc priest (D:4)
  Jessica (D:3)
  An iguana (D:4)
  Ijyb (D:2)
  Robin (D:3)
  3 gnolls (D:4)
  3 adders
  A shadow imp (D:5)
  3 worms
  A dart slug (D:4)
  18 orcs
  4 bats
  12 endoplasms
  2 giant cockroaches (D:2)
  27 goblins
  8 hobgoblins
  12 jackals
  4 kobolds
  7 quokkas
  10 ball pythons
  10 frilled lizards
  5 rats
138 creatures vanquished.

Notes
Turn   | Place    | Note
-------+----------+-------------------------------------------
     0 | D:1      | vurker the Vine Stalker Enchanter began the quest for the
                  | Orb.
     0 | D:1      | Reached XP level 1. HP: 9/9 MP: 4/4
    47 | D:1      | Found Fogaru's Book Boutique.
   120 | D:1      | Reached skill level 1 in Unarmed Combat
   125 | D:1      | Reached XP level 2. HP: 5/14 MP: 4/6
   448 | D:1      | Reached skill level 1 in Fighting
   523 | D:1      | Reached skill level 2 in Unarmed Combat
   588 | D:1      | Reached XP level 3. HP: 18/18 MP: 5/7
  1949 | D:2      | Gained mutation: Your natural rate of healing is unusually
                  | fast. [Vine Stalker growth]
  1949 | D:2      | Reached XP level 4. HP: 22/22 MP: 8/8
  1988 | D:2      | Identified the +8 dagger "Umneipac" {venom, Dex+3}
  2052 | D:2      | Noticed Ijyb
  2075 | D:2      | Killed Ijyb
  2076 | D:2      | Reached skill level 3 in Unarmed Combat
  2620 | D:3      | Reached XP level 5. HP: 26/26 MP: 9/9
  2698 | D:3      | Noticed Jessica
  2706 | D:3      | Killed Jessica
  2803 | D:3      | Noticed Robin
  2809 | D:3      | Reached skill level 4 in Unarmed Combat
  2812 | D:3      | Killed Robin
  3298 | D:4      | Reached XP level 6. HP: 32/32 MP: 8/10
  3392 | D:4      | Reached skill level 1 in Short Blades
  3912 | D:5      | Entered Level 5 of the Dungeon
  3987 | D:5      | Reached skill level 1 in Armour
  3987 | D:5      | Reached skill level 5 in Unarmed Combat
  3987 | D:5      | Reached XP level 7. HP: 35/35 MP: 11/11
  3998 | D:5      | Found a transporter.
  4148 | D:5      | Reached skill level 1 in Shields
  4148 | D:5      | Slain by an ice beast

Illustrated notes

Levels and vault maps discovered:
D:1:      dpeg_arrival_radiant, layout_rooms, serial_shops,
          nicolae_shop_advertising_works [nicolae_subvault_shop_adworks],
          st_stairs_9
D:2:      kennysheep_the_goblin_king, layout_rooms, serial_bayou_lagoon_a
D:3:      layout_loops_ring, uniq_jessica, uniq_robin
D:4:      layout_basic, hangedman_decor_slide_cut
D:5:      gammafunk_steamed_eel, layout_basic, minmay_pentangle

Skill      XL: |  1  2  3  4  5  6  7 |
---------------+----------------------+-----
Unarmed Combat | 1 2 3 4 5 |  5.2
Fighting       | 1 2 3 |  3.0
Short Blades   | 2 |  2.2
Armour         | 1 |  1.2
Dodging        | 2 |  2.1
Shields        | 1 |  1.0
Stealth        | |  3.6
Spellcasting   | |  2.1
Hexes          | |  3.0

Action                   |  1- 3 |  4- 6 |  7- 9 || total
-------------------------+-------+-------+-------++-------
Melee: Dagger            |    60 |   163 |    10 ||   233
       Bite              |    42 |    35 |     4 ||    81
       Punch             |     2 |     5 |     1 ||     8
       Short sword       |   105 |    11 |       ||   116
Evoke: Wand              |       |       |     2 ||     2
  Use: Scroll            |       |    13 |       ||    13
 Stab: Sleeping          |     7 |    13 |     2 ||    22
Armor: Robe              |    38 |    20 |     1 ||    59
Dodge: Dodged            |   185 |   113 |     3 ||   301

Table legend: (Time is in decaauts)
 A = Elapsed time spent in this place.
 B = Non-inter-level travel time spent in this place.
 C = Inter-level travel time spent in this place.
 D = Time resting spent in this place.
 E = Time spent auto-exploring this place.
 F = Levels seen in this place.
 G = Mean time per level.
                   A        B        C        D        E       F      G
               +--------+--------+--------+--------+--------+-----+--------+
         Total |   4147 |   4066 |     81 |    391 |   2732 |   5 |  829.4 |
       Dungeon |   4147 |   4066 |     81 |    391 |   2732 |   5 |  829.4 |
               +--------+--------+--------+--------+--------+-----+--------+

Top non-repeatable levels by time:
     D:1: 1476 daAuts
     D:2: 966 daAuts
     D:4: 784 daAuts
     D:3: 684 daAuts
     D:5: 234 daAuts
